Cogmind - Beta 9.6 @@@ ROGUE MODE // 2020.05.11 @ 17:10:00 Player: PhenomPhear Result: Self-destructed Performance ------------- Evolutions (6) 3000 Regions Visited (14) 2800 Robots Destroyed (22) 110 Value Destroyed (690) 690 Prototype IDs (3) 60 Alien Tech Used (0) 0 Bonus (1220) 1220 TOTAL SCORE: 7880 Bonus ------- Pacifist 470 Follower Combat Kills 150 Met Zhirov 300 Read Decrypted Archives 300 Cogmind --------- Core Integrity 791/1150 Matter 300/300 Energy 99/100 System Corruption 5% Temperature Cool (1) Movement Flying (35) Location -4/Hub_04(d) Parts ------- > --- POWER (2) -------- (None) > --- PROPULSION (8) --- Improved Flight Unit > --- UTILITY (7) ------ Improved Hacking Suite Improved System Shield Improved System Shield System Backup Module > --- WEAPON (2) ------- Spear > --- INVENTORY (4) ---- Improved Cooling System Advanced Sensor Array Peak State ------------ > --- POWER ------------ F-cell Engine Light Antimatter Reactor > --- PROPULSION ------- Improved Flight Unit Improved Flight Unit Improved Flight Unit Improved Flight Unit Cesium-ion Thruster Nuclear Pulse Thruster Nuclear Pulse Array > --- UTILITY ---------- Advanced Heat Sink Advanced Sensor Array Advanced Signal Interpreter Improved Power Shielding Propulsion Shielding Advanced Hacking Suite Advanced System Shield > --- WEAPON ----------- Precision Rocket Launcher Spear > --- INVENTORY -------- Improved Cooling System Propulsion Shielding [Rating: 82] Favorites ----------- Power Light Ion Engine Engine Light Ion Engine Power Core Light Nuclear Core Reactor Light Antimatter Reactor Propulsion Improved Flight Unit Treads Light Treads Wheel Wheel Hover Unit Gravmag System Flight Unit Improved Flight Unit Utility Improved Power Shielding Device Advanced Heat Sink Processor Advanced Signal Interpreter Hackware Hacking Suite Protection Improved Power Shielding Weapon Spear Energy Gun Pulse Rifle Energy Cannon EM Pulse Cannon Launcher Precision Rocket Launcher Piercing Weapon Spear Build | -11 -10 -9 -8 -8 -7 -6 -5 -4 -4 -4 -4 -4 -4 -4 ------- Run | Scr Mat Mat Mat Sto Fac Fac Fac Fac Was Fac Ext Cet Arc Hub Slots Evolved 12 | . . 2 2 . 2 2 2 2 . . . . . . Power 1 | . . . 1 . . . . . . . . . . . Propulsion 6 | . . 2 . . 1 1 1 1 . . . . . . Utility 5 | . . . 1 . 1 1 1 1 . . . . . . Weapon . | . . . . . . . . . . . . . . . Parts Attached 67 | . . 6 13 10 7 3 6 5 . 11 . . 6 . Power 14 | . . . 5 2 . 1 1 1 . 4 . . . . Engine 7 | . . . 2 2 . 1 1 . . 1 . . . . Core 4 | . . . 3 . . . . . . 1 . . . . Reactor 3 | . . . . . . . . 1 . 2 . . . . Propulsion 17 | . . 1 3 4 2 . 2 1 . 4 . . . . Treads 1 | . . 1 . . . . . . . . . . . . Leg . | . . . . . . . . . . . . . . . Wheel 2 | . . . 2 . . . . . . . . . . . Hover 2 | . . . 1 . 1 . . . . . . . . . Flight 12 | . . . . 4 1 . 2 1 . 4 . . . . Utility 20 | . . 2 1 . 3 2 2 2 . 3 . . 5 . Device 8 | . . 1 . . 1 1 . 1 . 2 . . 2 . Storage . | . . . . . . . . . . . . . . . Processor 1 | . . . . . . . 1 . . . . . . . Hackware 7 | . . . 1 . . 1 1 1 . . . . 3 . Protection 4 | . . 1 . . 2 . . . . 1 . . . . Artifact . | . . . . . . . . . . . . . . . Weapon 16 | . . 3 4 4 2 . 1 1 . . . . 1 . Energy Gun 4 | . . 2 . 1 1 . . . . . . . . . Energy Cannon 5 | . . 1 4 . . . . . . . . . . . Ballistic Gun . | . . . . . . . . . . . . . . . Ballistic Cannon . | . . . . . . . . . . . . . . . Launcher 5 | . . . . 3 . . 1 . . . . . 1 . Special Weapon . | . . . . . . . . . . . . . . . Impact Weapon . | . . . . . . . . . . . . . . . Slashing Weapon . | . . . . . . . . . . . . . . . Piercing Weapon 2 | . . . . . 1 . . 1 . . . . . . Special Melee Weapon . | . . . . . . . . . . . . . . . Unidentified Prototypes 3 | . . . . 2 . 1 . . . . . . . . Parts Lost 30 | . . 4 7 1 . . . . . 2 6 3 7 . Power 4 | . . . 2 . . . . . . . . . 2 . Propulsion 11 | . . 1 2 1 . . . . . 1 2 2 2 . Utility 9 | . . 1 . . . . . . . 1 4 1 2 . Weapon 6 | . . 2 3 . . . . . . . . . 1 . Highest Loss Streak 9 | . . 2 5 6 . . . . . 2 6 9 7 . Average Slot Usage (%) 63 | . . 28 47 51 91 81 85 87 94 86 73 43 39 . Engine 5 | . . . 5 4 15 13 11 7 5 . . . . . Reactor 2 | . . . . . . . . 2 5 9 10 10 5 . Hover 1 | . . . 4 . 5 . . . . . . . . . Flight 20 | . . . . 19 30 33 32 33 36 36 32 18 10 . Device 5 | . . 6 . . 6 6 5 7 10 10 6 . 4 . Processor 1 | . . . . . . . 5 5 5 2 . . . . Hackware 7 | . . . 7 9 7 7 11 10 10 10 7 . 10 . Protection 9 | . . 10 9 9 14 13 11 10 10 10 10 8 2 . Energy Gun 1 | . . 7 . 3 6 . . . . . . . . . Energy Cannon 1 | . . . 12 . . . . . . . . . . . Launcher 1 | . . . . 4 . . . 5 5 . . . . . Piercing Weapon 2 | . . . . . 2 6 4 3 5 5 5 5 5 . Naked Turns 50 | . 46 4 . . . . . . . . . . . . Heaviest Build 39 | . . 9 21 17 17 22 35 39 39 39 31 29 30 3 Greatest Support 63 | 3 3 20 20 24 24 30 52 52 52 63 63 47 35 6 Greatest Overweight (x) 6 | . . 2 6 1 . . 1 . . . . . . . Average Overweight (x) . | . . . . . . . . . . . . . . . Largest Inventory Capacity 4 | 4 4 4 4 4 4 4 4 4 4 4 4 4 4 4 Average Capacity 4 | 4 4 4 4 4 4 4 4 4 4 4 4 4 4 4 Most Carried 4 | . . 1 3 3 4 4 4 4 2 4 3 3 3 2 Average Carried 2 | . . . 1 1 3 3 3 2 2 3 3 3 2 2 Final Capacity 4 | 4 4 4 4 4 4 4 4 4 4 4 4 4 4 4 Final Carried 4 | . . 1 1 2 4 4 4 2 2 3 3 3 2 2 Class Distribution -------------------- 36% | Hacker-Sprinter 28% | Mutant 25% | Sprinter 5% | Hacker-Mutant 4% | Scavenger-Mutant Dominant Class ---------------- Mutant | -10/Materials Mutant | -9/Materials Mutant | -8/Materials Mutant | -8/Storage Sprinter | -7/Factory Sprinter | -6/Factory Hacker-Sprinter | -5/Factory Hacker-Sprinter | -4/Factory Hacker-Sprinter | -4/Waste Hacker-Sprinter | -4/Factory Sprinter | -4/Extension Sprinter | -4/Cetus Hacker-Mutant | -4/Archives Hacker-Mutant | -4/Hub_04(d) Resources | -11 -10 -9 -8 -8 -7 -6 -5 -4 -4 -4 -4 -4 -4 -4 ----------- Run | Scr Mat Mat Mat Sto Fac Fac Fac Fac Was Fac Ext Cet Arc Hub Matter Collected 944 | 67 . 126 132 19 . 133 . 301 . 88 . . 78 . Remotely . | . . . . . . . . . . . . . . . Salvage Created 1064 | . . . 394 35 . 133 . 301 . 50 . . 151 . Parts 56 | . . . 15 9 . 7 . 14 . 2 . . 9 . Haulers Intercepted . | . . . . . . . . . . . . . . . Recyclers Shooed 1 | . . . . . . . 1 . . . . . . . Parts Field Recycled . | . . . . . . . . . . . . . . . Retrieved Matter . | . . . . . . . . . . . . . . . Parts Self-Destructed . | . . . . . . . . . . . . . . . Prevented . | . . . . . . . . . . . . . . . Kills | -11 -10 -9 -8 -8 -7 -6 -5 -4 -4 -4 -4 -4 -4 -4 ------- Run | Scr Mat Mat Mat Sto Fac Fac Fac Fac Was Fac Ext Cet Arc Hub Combat Hostiles Destroyed 10 | . . . 5 4 . . . . . . . . 1 . Cannons 5 | . . . 5 . . . . . . . . . . . AOE 5 | . . . . 4 . . . . . . . . 1 . Classes Destroyed 9 | . . . 5 2 . 1 . 1 . . . . . . Worker 1 | . . . 1 . . . . . . . . . . . Builder 1 | . . . . 1 . . . . . . . . . . Tunneler 1 | . . . . . . 1 . . . . . . . . Recycler 3 | . . . 1 . . 1 . 1 . . . . . . Operator 2 | . . . 1 . . . . 1 . . . . . . Watcher 4 | . . . . . . . . 3 . 1 . . . . Swarmer 3 | . . . . 3 . . . . . . . . . . Grunt 5 | . . . 4 . . . . . . . . . 1 . Sentry 2 | . . . 1 1 . . . . . . . . . . Best Kill Streak 4 | . . . 2 4 . 1 . 3 . 1 . . 1 . Combat Bots Only 3 | . . . 2 3 . . . . . . . . 1 . Max Kills in Single Turn 3 | . . . 1 3 . 1 . 1 . 1 . . 1 . Gunslinging . | . . . . . . . . . . . . . . . Exploded 3 | . . . . 3 . . . . . . . . 1 . Melee . | . . . . . . . . . . . . . . . Uniques/NPCs Destroyed . | . . . . . . . . . . . . . . . Combat | -11 -10 -9 -8 -8 -7 -6 -5 -4 -4 -4 -4 -4 -4 -4 -------- Run | Scr Mat Mat Mat Sto Fac Fac Fac Fac Was Fac Ext Cet Arc Hub Damage Taken 3192 | . 28 539 680 379 82 19 98 276 . 161 356 251 323 . Core 1090 | . 28 209 201 208 44 . 41 99 . 82 72 85 21 . Absorbed by Shields 14 | . . . . . . . . 14 . . . . . . Core Remaining (%) 78 | 100 88 47 . 25 93 100 95 . . . . . . . Volleys Fired 40 | . . 4 25 6 . . 4 . . . . . 1 . Largest 2 | . . 2 2 2 . . 1 . . . . . 1 . Hottest 126 | . . 112 126 86 . . 43 . . . . . 43 . Shots Fired 52 | . . 6 30 10 . . 4 . . 1 . . 1 . Gun 7 | . . 6 . 1 . . . . . . . . . . Cannon 30 | . . . 30 . . . . . . . . . . . Launcher 15 | . . . . 9 . . 4 . . 1 . . 1 . Special . | . . . . . . . . . . . . . . . Kinetic . | . . . . . . . . . . . . . . . Thermal 12 | . . 6 5 1 . . . . . . . . . . Explosive 15 | . . . . 9 . . 4 . . 1 . . 1 . Electromagnetic 25 | . . . 25 . . . . . . . . . . . Robot Hit Streak 8 | . . 3 8 7 . . . . . . . . . . Robot Miss Streak 3 | . . 3 1 2 . . . . . . . . 1 . Penetration Max . | . . . . . . . . . . . . . . . Secondary Targets . | . . . . . . . . . . . . . . . Shots Hit Robots 60 | . . 3 23 8 1 3 1 14 . 3 . . 4 . Core Hits 39 | . 1 2 12 6 . 2 . 7 . 1 . . 8 . Critical Hits 4 | . . . . . . 1 . 3 . . . . . . Critical Kills 1 | . . . . . . 1 . . . . . . . . Critical Parts Destroyed 3 | . . . . . . . . 3 . . . . . . Melee Attacks 52 | . . . . . 1 9 6 21 . 11 . . 4 . Impact . | . . . . . . . . . . . . . . . Slashing . | . . . . . . . . . . . . . . . Piercing 52 | . . . . . 1 9 6 21 . 11 . . 4 . Sneak Attacks 8 | . . . . . 1 2 1 3 . 1 . . . . Combat Hostiles . | . . . . . . . . . . . . . . . Follow-up Attacks . | . . . . . . . . . . . . . . . Damage Inflicted 3185 | . 4 47 700 501 99 240 72 753 . 214 . . 555 . Guns 59 | . . 43 . 16 . . . . . . . . . . Cannons 582 | . . . 582 . . . . . . . . . . . Explosions 752 | . . . 118 485 . . . . . . . . 149 . Melee 1783 | . . . . . 99 240 72 752 . 214 . . 406 . Ramming 9 | . 4 4 . . . . . 1 . . . . . . Kinetic . | . . . . . . . . . . . . . . . Thermal 212 | . . 43 153 16 . . . . . . . . . . Explosive 634 | . . . . 485 . . . . . . . . 149 . Electromagnetic 547 | . . . 547 . . . . . . . . . . . Impact . | . . . . . . . . . . . . . . . Slashing . | . . . . . . . . . . . . . . . Piercing 1783 | . . . . . 99 240 72 752 . 214 . . 406 . Highest Corruption 5 | . . . . . . . . . . 5 5 5 5 5 Average Corruption 5 | . . . . . . . . . . 5 5 5 5 5 Corruption Purged . | . . . . . . . . . . . . . . . Effects 12 | . . . . . . . . . . 4 2 1 5 . Message Errors 2 | . . . . . . . . . . 1 . . 1 . Matter Fused 1 | . . . . . . . . . . . 1 . . . Heat Flow Errors 1 | . . . . . . . . . . . . 1 . . Energy Discharges 3 | . . . . . . . . . . 1 1 . 1 . Parts Rejected 1 | . . . . . . . . . . 1 . . . . Data Loss (minor) 1 | . . . . . . . . . . . . . 1 . Data Loss (major) 1 | . . . . . . . . . . . . . 1 . Misfires 1 | . . . . . . . . . . 1 . . . . Targeting Errors 1 | . . . . . . . . . . . . . 1 . Overload Shots . | . . . . . . . . . . . . . . . Overflow Damage 314 | . . . 44 11 59 22 42 69 . 67 . . . . Projectiles 13 | . . . 13 . . . . . . . . . . . Explosions 42 | . . . 31 11 . . . . . . . . . . Melee 259 | . . . . . 59 22 42 69 . 67 . . . . Knockbacks . | . . . . . . . . . . . . . . . Impact . | . . . . . . . . . . . . . . . Kinetic . | . . . . . . . . . . . . . . . Secondary . | . . . . . . . . . . . . . . . Self-Inflicted Damage 110 | . 2 . 34 50 . . . . . 24 . . . . Shots 3 | . . . 1 1 . . . . . 1 . . . . Rammed 11 | . 1 7 . . . . . 3 . . . . . . Targets Rammed 11 | . 1 7 . . . . . 3 . . . . . . Kicked . | . . . . . . . . . . . . . . . Crushed . | . . . . . . . . . . . . . . . Highest Temperature 303 | . . 81 303 12 . . 2 129 . 37 133 200 4 . Average Temperature 65 | . . 51 84 4 . . 2 55 . 16 94 82 2 . Received Heat Transfer 684 | . 18 180 270 99 12 . 9 30 . . 36 18 12 . Siege Activations . | . . . . . . . . . . . . . . . Robots Corrupted . | . . . . . . . . . . . . . . . Combat Hostiles . | . . . . . . . . . . . . . . . Parts Fried 3 | . . . 3 . . . . . . . . . . . Impact Corruptions . | . . . . . . . . . . . . . . . Robots Melted . | . . . . . . . . . . . . . . . Combat Hostiles . | . . . . . . . . . . . . . . . Parts Melted . | . . . . . . . . . . . . . . . Heat Transferred 322 | . . 111 174 37 . . . . . . . . . . Parts Sabotaged . | . . . . . . . . . . . . . . . Parts Stolen . | . . . . . . . . . . . . . . . Parts Stripped . | . . . . . . . . . . . . . . . Power Chain Reactions 1 | . . . 1 . . . . . . . . . . . Missiles Intercepted . | . . . . . . . . . . . . . . . Alert | -11 -10 -9 -8 -8 -7 -6 -5 -4 -4 -4 -4 -4 -4 -4 ------- Run | Scr Mat Mat Mat Sto Fac Fac Fac Fac Was Fac Ext Cet Arc Hub Peak Influence 327 | . 15 60 214 286 218 238 327 301 135 213 139 57 173 46 Average Influence 124 | . 1 11 112 181 179 165 160 204 117 129 112 39 101 46 Maximum Alert Level 1 | . . . 1 1 1 1 1 1 . 1 . . . . Low Security (%) 83 | 100 100 100 94 75 66 72 81 52 100 94 100 100 100 100 Level 1 16 | . . . 5 25 33 27 18 47 . 5 . . . . Level 2 . | . . . . . . . . . . . . . . . Level 3 . | . . . . . . . . . . . . . . . Level 4 . | . . . . . . . . . . . . . . . Level 5 . | . . . . . . . . . . . . . . . High Security . | . . . . . . . . . . . . . . . Max Security . | . . . . . . . . . . . . . . . Squads Dispatched 8 | . . . 3 . 1 1 . 2 . . 1 . . . Investigation 1 | . . . . . 1 . . . . . . . . . Extermination . | . . . . . . . . . . . . . . . Reinforcement 7 | . . . 3 . . 1 . 2 . . 1 . . . Assault . | . . . . . . . . . . . . . . . Garrison . | . . . . . . . . . . . . . . . Intercept . | . . . . . . . . . . . . . . . Construction Impeded . | . . . . . . . . . . . . . . . Haulers Reinforced . | . . . . . . . . . . . . . . . Stealth | -11 -10 -9 -8 -8 -7 -6 -5 -4 -4 -4 -4 -4 -4 -4 --------- Run | Scr Mat Mat Mat Sto Fac Fac Fac Fac Was Fac Ext Cet Arc Hub Distress Signals 6 | . . 1 2 . . . . . . 1 1 1 . . Communications Jammed . | . . . . . . . . . . . . . . . Distress Signals . | . . . . . . . . . . . . . . . Times Spotted 123 | . 4 10 17 13 7 5 1 21 2 14 11 5 13 . Peak Tracking Total 12 | . 4 11 8 9 7 2 1 12 2 9 9 5 10 . Tactical Retreats 12 | . . . . 1 2 1 . 3 . 2 2 . 1 . Traps | -11 -10 -9 -8 -8 -7 -6 -5 -4 -4 -4 -4 -4 -4 -4 ------- Run | Scr Mat Mat Mat Sto Fac Fac Fac Fac Was Fac Ext Cet Arc Hub Traps Triggered 11 | . . . . 2 2 . 1 3 . 3 . . . . Indirectly . | . . . . . . . . . . . . . . . Trap Hack Attempts . | . . . . . . . . . . . . . . . Triggered . | . . . . . . . . . . . . . . . Disarmed . | . . . . . . . . . . . . . . . Reprogrammed . | . . . . . . . . . . . . . . . Reused . | . . . . . . . . . . . . . . . Traps Extracted . | . . . . . . . . . . . . . . . Installed . | . . . . . . . . . . . . . . . Triggered . | . . . . . . . . . . . . . . . Machines | -11 -10 -9 -8 -8 -7 -6 -5 -4 -4 -4 -4 -4 -4 -4 ---------- Run | Scr Mat Mat Mat Sto Fac Fac Fac Fac Was Fac Ext Cet Arc Hub Machines Disabled 6 | . . . 1 . . . 5 . . . . . . . Max in Single Turn 5 | . . . 1 . . . 5 . . . . . . . Machines Sabotaged . | . . . . . . . . . . . . . . . Garrisons Compromised . | . . . . . . . . . . . . . . . Overloaded Fab Kills . | . . . . . . . . . . . . . . . Fab Network Shutdowns . | . . . . . . . . . . . . . . . Hacking | -11 -10 -9 -8 -8 -7 -6 -5 -4 -4 -4 -4 -4 -4 -4 --------- Run | Scr Mat Mat Mat Sto Fac Fac Fac Fac Was Fac Ext Cet Arc Hub Machines Accessed 18 | . . 1 1 1 3 4 2 3 . 2 . . 1 . Terminals 17 | . . 1 1 1 3 4 2 3 . 2 . . . . Fabricators . | . . . . . . . . . . . . . . . Repair Stations . | . . . . . . . . . . . . . . . Recycling Units . | . . . . . . . . . . . . . . . Scanalyzers . | . . . . . . . . . . . . . . . Garrison Access . | . . . . . . . . . . . . . . . Total Hacks 55 | . . 2 1 1 5 7 6 5 . 3 . . 25 . Successful 35 | . . . . 1 1 3 3 . . 2 . . 25 . Failed 20 | . . 2 1 . 4 4 3 5 . 1 . . . . Catastrophic 7 | . . . 1 . 2 1 1 2 . . . . . . Database Lockouts . | . . . . . . . . . . . . . . . Manual 22 | . . 2 1 . 2 5 4 5 . 3 . . . . Terminals 30 | . . 2 1 1 5 7 6 5 . 3 . . . . Fabricators . | . . . . . . . . . . . . . . . Repair Stations . | . . . . . . . . . . . . . . . Recycling Units . | . . . . . . . . . . . . . . . Scanalyzers . | . . . . . . . . . . . . . . . Garrison Access . | . . . . . . . . . . . . . . . Terminal Hacks 33 | . . . . 1 1 2 3 . . 1 . . 25 . Record 25 | . . . . . . . . . . . . . 25 . Open Door 1 | . . . . 1 . . . . . . . . . . Level Access Points 2 | . . . . . . 1 1 . . . . . . . Branch Access Points 4 | . . . . . 1 1 1 . . 1 . . . . Zone Layout 1 | . . . . . . . 1 . . . . . . . Fabricator Hacks . | . . . . . . . . . . . . . . . Repair Station Hacks . | . . . . . . . . . . . . . . . Recycling Unit Hacks . | . . . . . . . . . . . . . . . Scanalyzer . | . . . . . . . . . . . . . . . Garrison Access Hacks . | . . . . . . . . . . . . . . . Unauthorized Hacks 2 | . . . . . . 1 . . . 1 . . . . Terminals 2 | . . . . . . 1 . . . 1 . . . . Track 1 | . . . . . . . . . . 1 . . . . Assimilate 1 | . . . . . . 1 . . . . . . . . Fabricators . | . . . . . . . . . . . . . . . Repair Stations . | . . . . . . . . . . . . . . . Recycling Units . | . . . . . . . . . . . . . . . Scanalyzers . | . . . . . . . . . . . . . . . Garrison Access . | . . . . . . . . . . . . . . . Data Cores Recovered . | . . . . . . . . . . . . . . . Used . | . . . . . . . . . . . . . . . Hacking Detections 15 | . . 1 1 1 3 3 2 3 . 1 . . . . Full Trace Events 1 | . . . . . 1 . . . . . . . . . Feedback Events . | . . . . . . . . . . . . . . . Feedback Blocked . | . . . . . . . . . . . . . . . Robot Schematics Acquired . | . . . . . . . . . . . . . . . Robots Built . | . . . . . . . . . . . . . . . Matter . | . . . . . . . . . . . . . . . Time . | . . . . . . . . . . . . . . . Total Robot Build Rating . | . . . . . . . . . . . . . . . Part Schematics Acquired . | . . . . . . . . . . . . . . . Parts Built . | . . . . . . . . . . . . . . . Matter . | . . . . . . . . . . . . . . . Time . | . . . . . . . . . . . . . . . Total Part Build Rating . | . . . . . . . . . . . . . . . Parts Repaired . | . . . . . . . . . . . . . . . Time . | . . . . . . . . . . . . . . . Parts Recycled . | . . . . . . . . . . . . . . . Recycled Matter . | . . . . . . . . . . . . . . . Retrieved Matter . | . . . . . . . . . . . . . . . Retrieved Components . | . . . . . . . . . . . . . . . Parts Scanalyzed . | . . . . . . . . . . . . . . . Part Schematics Acquired . | . . . . . . . . . . . . . . . Parts Damaged . | . . . . . . . . . . . . . . . Bothacking | -11 -10 -9 -8 -8 -7 -6 -5 -4 -4 -4 -4 -4 -4 -4 ------------ Run | Scr Mat Mat Mat Sto Fac Fac Fac Fac Was Fac Ext Cet Arc Hub Used RIF Installer . | . . . . . . . . . . . . . . . Robots Hacked . | . . . . . . . . . . . . . . . Non-combat . | . . . . . . . . . . . . . . . Combat . | . . . . . . . . . . . . . . . Robot Hacks Applied . | . . . . . . . . . . . . . . . Relay Couplers Released . | . . . . . . . . . . . . . . . Robots Rewired . | . . . . . . . . . . . . . . . Allies Hacked . | . . . . . . . . . . . . . . . Hacks Repelled . | . . . . . . . . . . . . . . . Allies | -11 -10 -9 -8 -8 -7 -6 -5 -4 -4 -4 -4 -4 -4 -4 -------- Run | Scr Mat Mat Mat Sto Fac Fac Fac Fac Was Fac Ext Cet Arc Hub Total Allies 4 | . . . . . . 1 . . . . . . 3 . Largest Group 3 | . . . . . . 1 . . . . . . 3 . Highest-Rated Group 357 | . . . . . . 10 . . . . . . 357 . Highest-Rated Ally 122 | . . . . . . 10 . . . . . . 122 . Total Orders . | . . . . . . . . . . . . . . . Ally Attacks 12 | . . . . . . . . . . . . . 12 . Total Damage 1085 | . . . . . . . . . . . . . 1085 . Kills 4 | . . . . . . . . . . . . . 4 . Allies Corrupted . | . . . . . . . . . . . . . . . Allies Melted 1 | . . . . . . . . . . . . . 1 . Intel | -11 -10 -9 -8 -8 -7 -6 -5 -4 -4 -4 -4 -4 -4 -4 ------- Run | Scr Mat Mat Mat Sto Fac Fac Fac Fac Was Fac Ext Cet Arc Hub Robot Analysis Total . | . . . . . . . . . . . . . . . Derelict Logs Recovered . | . . . . . . . . . . . . . . . Drone Launches . | . . . . . . . . . . . . . . . Drone Recoveries . | . . . . . . . . . . . . . . . Exploration | -11 -10 -9 -8 -8 -7 -6 -5 -4 -4 -4 -4 -4 -4 -4 ------------- Run | Scr Mat Mat Mat Sto Fac Fac Fac Fac Was Fac Ext Cet Arc Hub Turns Passed 1796 | 9 46 266 265 108 175 191 115 219 15 169 73 31 111 3 Spaces Moved 3828 | 19 89 275 154 185 428 481 309 611 66 535 285 107 277 7 Core 465 | 19 89 252 73 32 . . . . . . . . . . Treads 23 | . . 23 . . . . . . . . . . . . Legs . | . . . . . . . . . . . . . . . Wheels 61 | . . . 46 15 . . . . . . . . . . Hover 35 | . . . 35 . . . . . . . . . . . Flight 3244 | . . . . 138 428 481 309 611 66 535 285 107 277 7 Fastest Speed 19 | 50 50 50 50 26 26 24 22 22 22 19 19 25 30 35 Average Speed 34 | 50 50 80 110 38 28 27 25 22 22 21 22 28 32 35 Slowest Speed 350 | 50 50 160 350 90 29 29 99 26 22 22 25 30 35 35 Overloaded Moves . | . . . . . . . . . . . . . . . Propulsion Burnouts . | . . . . . . . . . . . . . . . Robots Hopped 18 | . . . . 4 4 1 . 7 . 2 . . . . Cave-ins Triggered . | . . . . . . . . . . . . . . . Exploration Rate (%) 31 | 4 20 30 13 41 17 17 6 17 68 17 55 60 99 3 Regions Visited 14 Branch Regions 5 Pre-discovered Areas . | . . . . . . . . . . . . . . . Known Exits Taken 3 | . . . . . . 1 1 . . 1 . . . . Unknown Exits Taken 9 | 1 1 1 1 1 1 . . . . . 1 1 1 . Scrap Searched . | . . . . . . . . . . . . . . . Spaces Dug 21 | . . . . . . 6 12 3 . . . . . . Terrain Destroyed 221 | . . . 3 97 . 6 85 3 . 9 . . 18 . Melee 14 | . . . . . . 6 5 3 . . . . . . Projectile . | . . . . . . . . . . . . . . . AOE 207 | . . . 3 97 . . 80 . . 9 . . 18 . Actions | -11 -10 -9 -8 -8 -7 -6 -5 -4 -4 -4 -4 -4 -4 -4 --------- Run | Scr Mat Mat Mat Sto Fac Fac Fac Fac Was Fac Ext Cet Arc Hub Total 4126 | 18 89 305 214 202 473 524 331 642 65 572 291 106 287 7 Wait 77 | . . 13 19 2 . 29 . . . 7 7 . . . Move 3783 | 18 88 274 153 177 420 478 308 598 65 531 284 106 276 7 Hop 14 | . . . . 3 3 1 . 6 . 1 . . . . Pick Up 10 | . . . 2 1 2 1 2 . . 2 . . . . Fast Attach 45 | . . 6 7 8 7 3 3 2 . 4 . . 5 . Attach 12 | . . . 4 2 . . 1 2 . 2 . . 1 . Detach 7 | . . 1 1 2 . . 1 . . 2 . . . . Swap 10 | . . . 2 . . . 2 1 . 5 . . . . Drop 21 | . . . 1 1 4 3 4 1 . 7 . . . . Fire 40 | . . 4 25 6 . . 4 . . . . . 1 . Melee 52 | . . . . . 1 9 6 21 . 11 . . 4 . Ram 4 | . 1 . . . . . . 3 . . . . . . Kick . | . . . . . . . . . . . . . . . Crush 7 | . . 7 . . . . . . . . . . . . Escape Stasis 44 | . . . . . 36 . . 8 . . . . . . Rewire . | . . . . . . . . . . . . . . . Trap . | . . . . . . . . . . . . . . . Miscellaneous . | . . . . . . . . . . . . . . . Route ------- -11/Scrapyard -10/Materials -9/Materials (discovered 2 exits: *Mat / [*Min]) -8/Materials -8/Storage -7/Factory (discovered 3 exits: *Fac / Low x2) -6/Factory (discovered 6 exits: *Fac x4 / *Low x2) -5/Factory (discovered 6 exits: *Fac x4 / Upp x2) -4/Factory -4/Waste -4/Factory (discovered 5 exits: Upp x2 / *Ext x2 / Arm) -4/Extension (discovered 2 exits: [*Res] / *Cet) -4/Cetus -4/Archives (discovered 3 exits: [*Res] / [*Hub x2]) -4/Hub_04(d) History --------- Turn | Location | Event 5 | -11/Scrapyard | Discovered new exit (range 12) 10 | -11/Scrapyard | Entered Materials 51 | -10/Materials | Discovered new exit (range 10) 56 | -10/Materials | Entered another Materials area 56 | -9/Materials | Evolved 2 slots: Propulsion x2 281 | -9/Materials | Discovered new exit (range 6) 312 | -9/Materials | Core integrity fell below 50% 314 | -9/Materials | Build established: Mutant 315 | -9/Materials | Discovered new exit (range 15) 322 | -9/Materials | Entered another Materials area 322 | -8/Materials | Evolved 2 slots: Power x1, Utility x1 577 | -8/Materials | Discovered new exit (range 14) 587 | -8/Materials | Entered Storage 603 | -8/Storage | Core integrity fell below 50% 636 | -8/Storage | Lost 6 parts (2p2n2w) 690 | -8/Storage | Discovered new exit (range 16) 695 | -8/Storage | Entered Factory 695 | -7/Factory | Evolved 2 slots: Propulsion x1, Utility x1 699 | -7/Factory | Identified exit to Lower Caves 867 | -7/Factory | Discovered new exit (range 12) 870 | -7/Factory | Entered another Factory area 870 | -6/Factory | Evolved 2 slots: Propulsion x1, Utility x1 894 | -6/Factory | Build established: Sprinter 925 | -6/Factory | Discovered new exit (range 15) 1015 | -6/Factory | Identified exit to Lower Caves 1015 | -6/Factory | Identified exit to Factory 1061 | -6/Factory | Entered another Factory area 1061 | -5/Factory | Evolved 2 slots: Propulsion x1, Utility x1 1077 | -5/Factory | Identified exit to Upper Caves 1077 | -5/Factory | Identified exit to Factory 1176 | -5/Factory | Entered another Factory area 1176 | -4/Factory | Evolved 2 slots: Propulsion x1, Utility x1 1280 | -4/Factory | Build established: Hacker-Sprinter 1395 | -4/Factory | Manually triggered Chute Trap 1395 | -4/Factory | Sucked down chute 1395 | -4/Factory | Entered Waste 1397 | -4/Waste | Spotted C-40 Crusher 1400 | -4/Waste | Spotted C-40 Crusher 1406 | -4/Waste | Spotted C-40 Crusher 1407 | -4/Waste | Discovered new exit (range 15) 1407 | -4/Waste | Spotted C-40 Crusher 1410 | -4/Waste | EMP discharged 1410 | -4/Waste | Identified exit to Factory 1410 | -4/Waste | Entered Factory 1459 | -4/Factory | Identified exit to Upper Caves 1459 | -4/Factory | Identified exit to Extension 1459 | -4/Factory | Identified exit to Armory 1539 | -4/Factory | Spotted B-86 Titan 1579 | -4/Factory | Entered Extension 1623 | -4/Extension | Spotted B-86 Titan 1625 | -4/Extension | Spotted B-86 Titan 1648 | -4/Extension | Discovered new exit (range 16) 1648 | -4/Extension | Discovered new exit (range 16) 1652 | -4/Extension | Entered Cetus 1656 | -4/Cetus | Spotted Cetus Guard 1656 | -4/Cetus | Spotted Cetus Guard 1656 | -4/Cetus | Spotted Cetus Guard 1656 | -4/Cetus | Spotted Cetus Guard 1678 | -4/Cetus | Discovered new exit (range 15) 1683 | -4/Cetus | Entered Archives 1689 | -4/Archives | Met Zhirov 1690 | -4/Archives | Unable to access archive contents 1695 | -4/Archives | Reinforcements dispatched to Archives 1695 | -4/Archives | Read partially decrypted archive contents 1696 | -4/Archives | Discovered new exit (range 16) 1698 | -4/Archives | Unable to access archive contents 1705 | -4/Archives | Lost 9 parts (4n5u) 1705 | -4/Archives | Unable to access archive contents 1708 | -4/Archives | Discovered new exit (range 16) 1726 | -4/Archives | Zhirov warped through subspace 1744 | -4/Archives | Zhirov detonated Archives 1752 | -4/Archives | Discovered new exit (range 16) 1775 | -4/Archives | Lost 7 parts (2p2n2u1w) 1794 | -4/Archives | Entered Hub_04(d) 1797 | -4/Hub_04(d) | Self-destructed Last Messages --------------- 01739_ Acquired 30 matter. 01742_ Imp. Power Shielding destroyed. 01743_ System corrupted: Prc. Rocket Launcher targeting data glitched. 01744_ G-67 Veteran destroyed. 01744_ Lgt. Antimatter Reactor destroyed. 01744_ Prc. Rocket Launcher destroyed. 01744_ Lgt. Antimatter Reactor destroyed. 01744_ Field Propulsion Array destroyed. 01744_ Imp. Flight Unit destroyed. 01744_ System Backup Module destroyed. 01745_ QH#VRCYIPVGR5CK|AHGQGRED6K2% 01745_ The unstable cave ceiling collapses. 01752_ EXIT=FOUND 01753_ The unstable cave ceiling collapses. 01767_ System corrupted: Energy discharge (-35). 01767_ The unstable cave ceiling collapses. 01782_ System corrupted: Substantial component data lost. 01782_ The unstable cave ceiling collapses. LOCATION=UNKNOWN GOAL=ESCAPE Map ----- +----------------------------------------------------+ | ?????????????????????????????????? | | ?????????????????????????????????? | | ?????????????????????????????????? | | ?????????????????????????????????? | | ?????????????????????????????????? | | ?????????????????????????????????? | | ?????????????????????????????????? | | ?????????????????????????????????? | | ?????????????????????????????????? | | ?????????????????????????????????? | | ?????????????????????????????????? | | ?????????????????????????????????? | | ??????????????????#??????????????? | | ??????????????????# ?????????????? | | ??????????????????# ?????????????? | | ??????????????????# ????????????? | | ??????????????????# ????????????? | | ??????????????????# ????????????? | | ??????????????????# ???????????? | | ??????????????????# ???????????? | | ?????????########## ########???? | | ???????? #???? | | ???????? #???? | | ???????? #???? | | ?????????????+#########+######???? | | ??????????????????# @ #????? | | ??????????????????# ] #????? | | ??????????????????# ! #????? | | ??????????????????# #????? | | ??????????????????# """" #????? | | ??????????????????# """" #????? | | ??????????????????# """" = #????? | | ??????????????????# """" #????? | | ??????????????????#????######????? | | | | | | | | | | | | | | | | | | | | | | | | | | | | | | | | | +----------------------------------------------------+ Best States ------------- Heat Dissipation 62 Energy Generation 37 Energy Capacity 570 Matter Stores 300 Matter Capacity 300 Sight Range 16 Robot Scan Range 16 Terrain Scan Density 10 Power Shielding 66 Propulsion Shielding 33 Utility Shielding 33 Evasion (%) 66 Recoil Reduction 1 Offensive Hacking 14 Defensive Hacking 24 Item Schematics ----------------- None Robot Schematics ------------------ None Fabricated ------------ Nothing Alien Tech Used ----------------- None Achievements -------------- None Challenges ------------ None Game ------ Seed HardcellLargeTreads Manual? 1 Play Time 00:48:54 Cumulative 1063.1 hours Start 2020.05.11 @ 14:30:28 End 2020.05.11 @ 17:10:00 Sessions 3 Manual Loads 0 Difficulty Rogue Special Mode None Game No. 646 Rogue 646 Adventurer 0 Explorer 0 Win Type - Total 18 Types 10/1/4/3/0/0/0 Lore% 92 Gallery% 94 Achievement% 81 Wizard Run 0 Options --------- ASCII 0 Keyboard 0 Movement Mouse Keybinds 0 Fullscreen 2 Font 24/Crisp Map View 76x50 Tactical HUD 1 Map Filters NONE Filters NONE Steam 1 RUN: 3ef782e7-3288-4d1b-9412-fc85e96b24c5